 Dungeon Crawl Stone Soup version 0.25-a0-782-g655279ceaa (webtiles) character file.

Game seed: 5625223143432512839, levelgen mode: deterministic

87 tilp the Bolt Thrower (level 4, 0/25 HPs)
             Began as a Kobold Arcane Marksman on Apr 16, 2020.
             Shot with an arrow by a centaur (7 damage)
             ... on level 2 of the Dungeon.
             The game lasted 00:04:26 (1965 turns).

tilp the Bolt Thrower (Kobold Arcane Marksman)      Turns: 1965, Time: 00:04:26

Health: 0/25       AC:  3    Str:  8    XL:     4   Next: 80%
Magic:  1/5        EV: 14    Int: 14    God:
Gold:   113        SH:  0    Dex: 15    Spells: 2/5 levels left

rFire    . . .     SeeInvis .   a - +0 hand crossbow
rCold    . . .     Gourm    .   (shield restricted)
rNeg     . . .     Faith    .   r - +0 leather armour
rPois    .         Spirit   .   (no helmet)
rElec    .         Reflect  .   (no cloak)
rCorr    .         Harm     .   (no gloves)
MR       .....                  (no boots)
Stlth    +.........             (no amulet)
HPRegen  0.08/turn              (no ring)
MPRegen  0.09/turn              (no ring)

@: no status effects
A: small, carnivore
a: no special abilities


You were on level 2 of the Dungeon.
You were completely stuffed.

You visited 1 branch of the dungeon, and saw 2 of its levels.

You collected 113 gold pieces.

Inventory:

Hand Weapons
 a - a +0 hand crossbow (weapon)
 b - a +0 short sword
Missiles
 d - 33 bolts (quivered)
 e - 2 atropa-tipped darts
Armour
 r - a +0 leather armour (worn)
Jewellery
 g - an uncursed ring of protection from magic {unknown}
 p - an uncursed ring of magical power {unknown}
Scrolls
 h - a scroll of magic mapping {unknown}
 j - a scroll of fear {unknown}
 n - a scroll of enchant weapon {unknown}
 q - 3 scrolls of remove curse {unknown}
 s - a scroll of teleportation {unknown}
 t - a scroll of identify
 u - a scroll of noise {unknown}
Potions
 f - a potion of curing
 i - a potion of lignification
 l - 2 potions of flight {unknown}
 m - 2 potions of mutation
 o - a potion of heal wounds {unknown}
Comestibles
 c - 3 rations
 k - 3 chunks of flesh


   Skills:
 - Level 1.1 Fighting
 + Level 5.6 Crossbows
 - Level 2.4 Dodging
 - Level 1.1 Spellcasting
 - Level 3.0 Hexes


You had 2 spell levels left.
You knew the following spells:

 Your Spells              Type           Power        Failure   Level  Hunger
a - Corona                Hex            #......      11%         1    ##.....
b - Slow                  Hex            #.......     17%         2    ###....

Your spell library contained the following spells:

 Spells                   Type           Power        Failure   Level  Hunger
 Inner Flame              Hex/Fire       #.......     52%         3    ####...
 Portal Projectile        Hex/Tloc       #.....       52%         3    ####...
 Cause Fear               Hex            #.........   73%         4    #####..
 Leda's Liquefaction      Hex/Erth       #.........   90%         4    #####..


Dungeon Overview and Level Annotations

Branches:
Dungeon (2/15)

Altars:


Innate Abilities, Weirdness & Mutations

You are small and have problems with some larger weapons.
You are carnivorous and can eat meat at any time.


Message History

Aiming: Corona (safe; 11% risk of failure)
Press: ? - help, Shift-Dir - straight line, f/p - centaur
Aim: a centaur, wielding a +0 shortbow and quivering 7 arrows (slow, chance to defeat MR: 44%)
The centaur resists with significant effort.
Casting: Corona (safe; 11% risk of failure)
Confirm with . or Enter, or press ? or * to list all spells.
Aiming: Corona (safe; 11% risk of failure)
Press: ? - help, Shift-Dir - straight line, f/p - centaur
Aim: a centaur, wielding a +0 shortbow and quivering 7 arrows (slow, chance to defeat MR: 44%)
The centaur resists with significant effort.
The centaur shoots an arrow.
The arrow hits you.
Firing (i - inventory. (/) - cycle)
d - 34 bolts (quivered)
Press: ? - help, Shift-Dir - straight line, f/p - centaur
Aim: a centaur, wielding a +0 shortbow and quivering 6 arrows (slow)
You shoot a bolt. The bolt hits the centaur.
The centaur is lightly wounded.
The centaur shoots an arrow.
The arrow hits you!
* * * LOW HITPOINT WARNING * * *
The centaur shoots an arrow.
The arrow hits you!
You die...

#..# ##.##...##
#..# ######.##
###..###### #...
#.......... #.##
#.#).#####. #.#
#.#..# #.#
#.#..#####. #.##
#.......... #...
#.@######.. #.##
#..# #..#####.#
#..# #.. #....#
#..# #.c #.####
#... ... #.# #
##.# #.# #.#####
#c# #.# #.#.##.
#.# #.# #......
######.###.#.##.


You could see a centaur.

Vanquished Creatures
  A hound (D:2)
  2 adders (D:2)
  2 worms (D:2)
  2 leopard geckos
  A ball python (D:2)
  3 giant cockroaches
  5 goblins
  5 hobgoblins
  6 bats
  3 frilled lizards
  A kobold (D:1)
  6 rats
37 creatures vanquished.

Notes
Turn   | Place    | Note
-------+----------+-------------------------------------------
     0 | D:1      | tilp the Kobold Arcane Marksman began the quest for the
                  | Orb.
     0 | D:1      | Reached XP level 1. HP: 12/12 MP: 2/2
   132 | D:1      | Reached skill level 3 in Crossbows
   190 | D:1      | Reached XP level 2. HP: 16/16 MP: 3/3
   197 | D:1      | Learned a level 2 spell: Slow
  1128 | D:2      | Reached skill level 4 in Crossbows
  1128 | D:2      | Reached XP level 3. HP: 20/20 MP: 2/4
  1238 | D:2      | Reached skill level 5 in Crossbows
  1238 | D:2      | Reached XP level 4. HP: 23/25 MP: 1/5
  1881 | D:2      | Noticed a centaur
  1965 | D:2      | Shot with an arrow by a centaur

Levels and vault maps discovered:
D:1:      psy_arrival_radial02, layout_loops_ring, minmay_misc_feat_ornament
D:2:      layout_loops_ring

Skill      XL: |  1  2  3 |
---------------+----------+-----
Crossbows      | 3 4 5 |  5.6
Fighting       | |  1.1
Dodging        | |  2.4
Spellcasting   | |  1.1
Hexes          | |  3.0

Action                   |  1- 3 |  4- 6 || total
-------------------------+-------+-------++-------
Melee: Short sword       |     3 |    50 ||    53
 Fire: Hand crossbow     |    53 |    13 ||    66
 Cast: Corona            |    11 |    13 ||    24
       Slow              |     1 |     1 ||     2
  Use: Scroll            |     3 |       ||     3
  Eat: Chunk             |    10 |     3 ||    13
Armor: Robe              |     2 |       ||     2
       Leather armour    |     1 |    18 ||    19
Dodge: Dodged            |    17 |    49 ||    66

Table legend:
 A = Non-vault XP
 B = Vault XP
 C = Vault XP percentage of total XP
 D = Non-vault monster count
 E = Vault monster count
 F = Vault count percentage of total count
                 A         B        C        D         E       F
            +---------+---------+-------+---------+---------+-------
      Total |     125 |       0 |   0.0 |      37 |       0 |   0.0
            +---------+---------+-------+---------+---------+-------
        D:1 |      23 |       0 |   0.0 |      14 |       0 |   0.0
        D:2 |     102 |       0 |   0.0 |      23 |       0 |   0.0
            +---------+---------+-------+---------+---------+-------
